 Dungeon Crawl Stone Soup version 0.30-a0-304-gdc4b735fe1 (webtiles) character file.

Game seed: 16206915342465510595

31 gruber the Digger (level 3, -3/21 HPs)
             Began as an Octopode Earth Elementalist on Oct 20, 2022.
             Slain by an iguana (6 damage)
             ... on level 2 of the Dungeon.
             The game lasted 00:01:06 (1045 turns).

gruber the Digger (Octopode Earth Elementalist)     Turns: 1045, Time: 00:01:07

Health: -3/21      AC:  1    Str:  7    XL:     3   Next: 22%
Magic:  0/6        EV: 13    Int: 19    God:
Gold:   35         SH:  0    Dex: 12    Spells: 5/6 levels left

rFire   . . .      SeeInvis .    (no weapon)
rCold   . . .      Faith    .    (no shield)
rNeg    . . .      Spirit   .    (helmet restricted)
rPois   .          Reflect  .    (no amulet)
rElec   .          Harm     .    (no ring)
rCorr   .          Rampage  .    (no ring)
Will    .....                    (no ring)
Stlth   +++.......               (no ring)
HPRegen 0.23/turn                (no ring)
MPRegen 0.10/turn                (no ring)
                                 (no ring)
                                 (no ring)

@: attractive
A: almost no armour, amphibious, 8 rings, camouflage 1, gelatinous body 1,
(nimble swimmer 1), tentacles
a: no special abilities


You were on level 2 of the Dungeon.
You visited 1 branch of the dungeon, and saw 2 of its levels.

You collected 35 gold pieces.

Inventory:

Jewellery
 h - a ring of ice
Scrolls
 b - 3 scrolls of identify {unknown}
 d - a scroll of summoning {unknown}
 f - a scroll of enchant armour {unknown}
Potions
 a - a potion of magic
 e - a potion of might {unknown}
 g - a potion of lignification {unknown}


   Skills:
 - Level 2.0 Dodging
 - Level 2.6 Stealth
 - Level 2.0 Spellcasting
 - Level 1.0 Transmutations
 + Level 4.2 Earth Magic


You had 5 spell levels left.
You knew the following spells:

 Your Spells              Type           Power      Damage    Failure   Level
a - Sandblast             Erth           36%        2d10      3%          1

Your spell library contained the following spells:

 Spells                   Type           Power      Damage    Failure   Level
 Passwall                 Tmut/Erth      9%         N/A       9%          2
 Magic Dart               Conj           4%         1d3       17%         1
 Stone Arrow              Conj/Erth      20%        3d8       22%         3
 Call Imp                 Summ           1%         N/A       26%         2
 Mephitic Cloud           Conj/Pois/Air  1%         N/A       45%         3
 Petrify                  Tmut/Erth      11%        N/A       50%         4


Dungeon Overview and Level Annotations

Branches:
Dungeon (2/15)

Altars:


Innate Abilities, Weirdness & Mutations

You cannot wear most types of armour.
You are amphibious.
You can wear up to eight rings at the same time.
Your skin changes colour to match your surroundings (Stealth+).
Your rubbery body absorbs attacks. (AC +1, EV +1)
((You are camouflaged when in or above water. (Stealth+)))
You have tentacles for arms and can constrict up to eight enemies at once.


Message History

You kill the jackal!
The iguana hisses angrily.
The bat hits you. The bat closely misses you.
The blast of sand hits the jackal.
The jackal is moderately wounded.
The bat hits you but does no damage. The jackal bites you. x2
The jackal closely misses you. The bat hits you but does no damage.
The blast of sand hits the jackal.
You kill the jackal!
The bat misses you. The jackal bites you. The bat closely misses you.
The jackal bites you.
The blast of sand misses the bat.
The bat hits you but does no damage. The jackal misses you. x2
You tentacle-slap the iguana but do no damage.
You grab the iguana. You constrict the iguana. The bat closely misses you. x2
The jackal barely misses you. The iguana barely misses you.
You tentacle-slap the iguana but do no damage.
You squeeze the iguana.
The iguana is lightly wounded.
You constrict the iguana, but do no damage.
The bat hits you.
The jackal closely misses you. x2; The iguana bites you!
* * * LOW HITPOINT WARNING * * *
Unknown command.
Casting: Sandblast (safe; 3% risk of failure)
Confirm with . or Enter, or press ? or * to list all spells.
Aiming: Sandblast (safe; 3% risk of failure)
Press: ? - help, Shift-Dir - straight line, f/p - bat
Aim: a bat (73% to hit)
The blast of sand hits the bat!
You kill the bat!
You constrict the iguana, but do no damage.
The jackal bites you.
* * * LOW HITPOINT WARNING * * *
The iguana closely misses you. The jackal closely misses you.
Unknown command.
It was a potion of attraction.
You feel attractive to monsters.
You constrict the iguana, but do no damage.
The jackal closely misses you. The iguana bites you.
You die... #..........# #..........# .!........# $........## #.......... #........ .. #.$lh.# #. #@..# #########.# #...# . ##.........# #...# .bb

...#######.#
#...#P..#
.....# #.#
###...#bP.#
#..#####
#.###.'...#PP.#
.......#
#..†..#...#....
##+#.#.#
#..#####..# .P.
.......###..#
..#


P You could see an iguana and a jackal.

Vanquished Creatures
  2 ball pythons (D:1)
  2 endoplasms
  A giant cockroach (D:1)
  3 goblins
  2 hobgoblins (D:1)
  4 jackals (D:2)
  A kobold (D:1)
  3 quokkas (D:1)
  3 bats
  A frilled lizard (D:1)
  5 rats
27 creatures vanquished.

Notes
Turn   | Place    | Note
-------+----------+-------------------------------------------
     0 | D:1      | gruber the Octopode Earth Elementalist began the quest for
                  | the Orb.
     0 | D:1      | Reached XP level 1. HP: 11/11 MP: 3/3
   216 | D:1      | Reached XP level 2. HP: 17/17 MP: 3/5
   647 | D:1      | Reached skill level 4 in Earth Magic
   946 | D:2      | Reached XP level 3. HP: 21/21 MP: 4/6
  1045 | D:2      | Slain by an iguana

Illustrated notes

Levels and vault maps discovered:
D:1:      dpeg_arrival_pits, layout_loops_ring, serial_bayou,
          serial_bayou_shore_a, serial_bayou_pond_e, serial_bayou_ford_a,
          serial_bayou_pond_a, serial_bayou_crossing
D:2:      layout_basic, serial_aquarium, aquarium_bridge_long_joined
          [aquarium_subvault_bridge, aquarium_subvault_wall,
          aquarium_subvault_wall, aquarium_subvault_wall,
          aquarium_subvault_window, aquarium_subvault_window],
          aquarium_bridge_island_large [aquarium_subvault_large_water,
          aquarium_subvault_wall, aquarium_subvault_bridge,
          aquarium_subvault_bridge, aquarium_subvault_wall], aquarium_window_3,
          aquarium_window_1, aquarium_view_2d, aquarium_view_2c,
          aquarium_pool_1, basic_altar, minmay_split_cup_large,
          uniq_crazy_yiuf_cottage

Skill      XL: |  1  2 |
---------------+-------+-----
Earth Magic    | 4 |  4.2
Dodging        | |  2.0
Stealth        | |  2.6
Spellcasting   | |  2.0
Transmutations | |  1.0

Action                   || total
-------------------------++-------
Melee: Unarmed           ||    16
       Constrict         ||     4
       Tentacles         ||     4
 Cast: Sandblast         ||    28
  Use: Potion            ||     1
 Stab: Sleeping          ||     2
Armor: Skin              ||     4
Dodge: Dodged            ||    31

Table legend: (Time is in decaauts)
 A = Elapsed time spent in this place.
 B = Non-inter-level travel time spent in this place.
 C = Inter-level travel time spent in this place.
 D = Time resting spent in this place.
 E = Time spent auto-exploring this place.
 F = Levels seen in this place.
 G = Mean time per level.
                   A        B        C        D        E       F      G
               +--------+--------+--------+--------+--------+-----+--------+
         Total |   1058 |   1032 |     26 |      0 |    883 |   2 |  529.0 |
       Dungeon |   1058 |   1032 |     26 |      0 |    883 |   2 |  529.0 |
               +--------+--------+--------+--------+--------+-----+--------+

Top non-repeatable levels by time:
     D:1: 913 daAuts
     D:2: 145 daAuts
